[Event "*** Titled Tuesday Blitz"]
[Site "Chess.com"]
[Date "2020.10.20"]
[Round "9"]
[White "PavelShkapenko"]
[Black "Iskusnyh"]
[Result "1-0"]
[WhiteElo "2709"]
[BlackElo "2557"]
[TimeControl "180+1"]
[EndTime "11:47:43 PDT"]
[Termination "PavelShkapenko won on time"]

1. e4 e6 2. d4 d5 3. exd5 exd5 4. Nf3 Nf6 5. c4 Bb4+ 6. Nc3 O-O 7. Be2 dxc4 8.
Bxc4 Bg4 9. O-O Nc6 10. Be3 a6 11. a3 Bd6 12. Rc1 Qd7 13. Be2 Rfe8 14. b4 Rad8 15. Qd2 Ne4 16. Nxe4 Rxe4 17. Rfd1 Rde8 18. d5 Ne5 19. Nxe5 R4xe5 20. Bxg4 Qxg4 21. Qd4 Re4 22. Qd3 Bxh2+ 23. Kxh2 Qh5+ 24. Kg1 Rh4 25. f3 Rh1+ 26. Kf2 Qh4+ 27. Ke2 Qg3 28. Rxh1 Qxg2+ 29. Kd1 Qxh1+ 30. Kc2 Qxf3 31. Bd2 Qg2 32. Rf1 Re2 33. Rf4 h5 34. Rc4 Qh2 35. d6 Re8 36. dxc7 Qe5 37. c8=Q 1-0

[Event "*** Titled Tuesday Blitz"]
[Site "Chess.com"]
[Date "2020.10.20"]
[Round "9"]
[White "tptagain"]
[Black "Jumbo"]
[Result "1-0"]
[WhiteElo "2913"]
[BlackElo "2779"]
[TimeControl "180+1"]
[EndTime "11:47:44 PDT"]
[Termination "tptagain won on time"]

1. d4 Nf6 2. Nc3 d5 3. Bg5 e6 4. e4 dxe4 5. Nxe4 Be7 6. Nxf6+ Bxf6 7. Bxf6 Qxf6 8. Nf3 O-O 9. Bd3 c5 10. Qe2 cxd4 11.
Qe4 g6 12. h4 e5 13. O-O-O Nc6 14. Kb1 Bf5 15. Qe2 e4 16. Bxe4 Rfe8 17. Nd2 Qe6 18. f3 Nb4 19. Qc4 Qxc4 20. Nxc4 Bxe4 21. fxe4 Rxe4 22. Nd6 Rg4 23. Rd2 b6 24. Rf1 Rf8 25. h5 Kg7 26. Rdf2 f5 27. Re1 Nc6 28. Re6 Nb4 29.
Re7+ Kh6 30. hxg6 hxg6 31. Rxa7 Rh4 32. b3 d3 33. c3 Nd5 34. Kb2 Rf6 35. Nf7+ Kh5 36.
Ne5 Re4 37. Rh7+ Kg5 38. Nxd3 Rfe6 39. b4 1-0

[Event "*** Titled Tuesday Blitz"]
[Site "Chess.com"]
[Date "2020.10.20"]
[Round "9"]
[White "JiiHart"]
[Black "korkmaz16"]
[Result "0-1"]
[WhiteElo "2073"]
[BlackElo "2350"]
[TimeControl "180+1"]
[EndTime "11:47:44 PDT"]
[Termination "korkmaz16 won on time"]

1. e4 c5 2. Nf3 e6 3. d4 cxd4 4. Nxd4 Nf6 5. Nc3 Nc6 6. g3 Bb4 7. Bg2 d5 8. exd5 Nxd5 9. O-O Bxc3 10. Nxc6 bxc6 11. bxc3 Ba6 12. Re1 O-O 13. Qd4 Qa5 14. Bb2 c5 15. Qe5 c4 16. Re4 Rab8 17. Rg4 g6 18.
Bxd5 Qxd5 19. Qxd5 exd5 20. Ba3 Rfe8 21. Rd4 Rb5 22. Kf1 Bb7 23. Bc1 Bc8 24. a4 Ra5 25. Bf4 Be6 26. Bc7 Ra6 27. a5 Rc8 28. Bf4 Rc5 29.
Rb1 Rcxa5 30. Bh6 Ra1 31. Rxa1 Rxa1+ 32. Ke2 f6 33. f4 a5 34. Rd2 a4 35. Ke3 a3 36.
Kd4 a2 37. Re2 Kf7 38. Kc5 Rb1 0-1

[Event "*** Titled Tuesday Blitz"]
[Site "Chess.com"]
[Date "2020.10.20"]
[Round "9"]
[White "LittlePeasant"]
[Black "Mikhail_Golubev"]
[Result "1-0"]
[WhiteElo "2814"]
[BlackElo "2553"]
[TimeControl "180+1"]
[EndTime "11:47:45 PDT"]
[Termination "LittlePeasant won by resignation"]

1. Nf3 d6 2. d4 Nf6 3. c4 g6 4. Nc3 Bg7 5. g3 O-O 6. Bg2 Nbd7 7. O-O e5 8. e4 c6 9. h3 exd4 10. Nxd4 Qb6 11. Nb3 Ne5 12. Qxd6 Nxc4 13. Qc5 Qxc5 14. Nxc5 Nd7 15. Nb3 a5 16. Rd1 a4 17. Nd2 Nxb2 18.
Bxb2 a3 19. Nd5 axb2 20. Ne7+ Kh8 21. Rab1 Rxa2 22. Nc4 Nc5 23. Nxc8 Rxc8 24. f4 Na4 25. Rd7 Nc3 26. Rxb2 Ne2+ 27. Rxe2 Rxe2 28. e5 Ra8 29.
Bf1 Rc2 30. Rxb7 Bf8 31. Nd6 Ra1 32. Rxf7 Kg8 33. Rd7 Rcc1 34. Ne4 Rxf1+ 35. Kg2 Rg1+ 36. Kf3 Raf1+ 37. Kg4 Bg7 38. e6 Re1 39. Rd8+ Bf8 40. e7 h5+ 41. Kh4 g5+ 42. Kxh5 1-0

[Event "*** Titled Tuesday Blitz"]
[Site "Chess.com"]
[Date "2020.10.20"]
[Round "9"]
[White "vovachesss"]
[Black "Illingworth"]
[Result "0-1"]
[WhiteElo "2694"]
[BlackElo "2895"]
[TimeControl "180+1"]
[EndTime "11:47:45 PDT"]
[Termination "Illingworth won by checkmate"]

1. Nf3 c5 2. g3 b6 3. Bg2 Bb7 4.
O-O Nf6 5. c3 e6 6. d4 Be7 7. b3 O-O 8. Bb2 d6 9. Nbd2 Nbd7 10. Re1 Ne4 11. Qc2 Nxd2 12. Qxd2 Nf6 13. c4 cxd4 14. Qxd4 Rc8 15. e4 Qc7 16. Rad1 Rfd8 17.
h3 a6 18. a4 Bf8 19. Re2 Nd7 20. Qe3 Nc5 21. Nd4 Re8 22. Red2 d5 23. cxd5 exd5 24. Rc2 Qb8 25. Nf5 f6 26. Qd4 Ne6 27. Qd3 dxe4 28. Rxc8 Qxc8 29. Bxe4 Bxe4 30. Qxe4 Nc5 31.
Qc4+ Qe6 32. Nd6 Bxd6 33. Rxd6 Qxc4 34. bxc4 Nxa4 35. Bd4 Re4 36. Bxb6 Rxc4 37. Be3 a5 38. Ra6 Nc3 39. Rxa5 h6 40. Ra7 Kh7 41. Bd2 Ne4 42.
Be3 Nd6 43. Kg2 Nf5 44. Bd2 Kg6 45. Ba5 h5 46. Bb6 Rc2 47. Ba5 Nd6 48. Bb4 Ne4 49. Bf8 Rxf2+ 50. Kg1 Kf5 51. Rxg7 Ra2 52. Re7 Ng5 53.
h4 Nf3+ 54. Kf1 Kg4 55. Rg7+ Kh3 56. Be7 f5 57. Rg6 Rg2 58. Bd6 Nd2+ 59. Ke1 Ne4 60. Rh6 Kg4 61. Re6 Kf3 62. Bf4 Rg1# 0-1

[Event "*** Titled Tuesday Blitz"]
[Site "Chess.com"]
[Date "2020.10.20"]
[Round "9"]
[White "beto-betun"]
[Black "ScarpaChess"]
[Result "0-1"]
[WhiteElo "2194"]
[BlackElo "2365"]
[TimeControl "180+1"]
[EndTime "11:47:46 PDT"]
[Termination "ScarpaChess won by resignation"]

1. d4 Nf6 2. Nf3 d5 3. c4 e6 4. g3 Bb4+ 5. Bd2 Bd6 6. Bg2 c6 7. O-O Nbd7 8. b3 Ne4 9. Nc3 Nxd2 10. Nxd2 O-O 11. e4 Bb4 12. Rc1 Nf6 13. a3 Bxa3 14. Rc2 Bb4 15. e5 Nd7 16. c5 b6 17. cxb6 axb6 18.
Na2 Bxd2 19. Qxd2 c5 20. Nc3 Ba6 21. Rfc1 Qe7 22. Ne2 Rfc8 23. f4 Bxe2 24. Qxe2 Qd8 25. dxc5 Rxc5 26. Bh3 Rac8 27. b4 Rxc2 28. Rxc2 g6 29.
Bf1 Rc7 30. Qd3 Qc8 31. Rxc7 Qxc7 32. Kf2 Nb8 33. Be2 Kg7 34. h3 Qc1 35. Qb5 Qc6 36.
Qd3 Nd7 37. g4 Qc1 38. Kg3 g5 39. f5 Qf4+ 40. Kg2 Nxe5 41. Qg3 Qxg3+ 42. Kxg3 exf5 43.
gxf5 Kf6 44. Bh5 Kxf5 45. Be2 f6 46. Bd1 Ke4 47. Bc2+ Nd3 48. Bxd3+ Kxd3 49. h4 gxh4+ 50. Kxh4 Kc2 51. b5 d4 52. Kg4 d3 53. Kf5 d2 54.
Kxf6 d1=Q 55. Ke6 h5 56. Kf7 0-1

[Event "*** Titled Tuesday Blitz"]
[Site "Chess.com"]
[Date "2020.10.20"]
[Round "9"]
[White "Fischerev7"]
[Black "AleksibFan"]
[Result "0-1"]
[WhiteElo "2413"]
[BlackElo "2568"]
[TimeControl "180+1"]
[EndTime "11:47:47 PDT"]
[Termination "AleksibFan won by resignation"]

1. e4 d5 2. exd5 Qxd5 3. Nc3 Qd6 4. g3 Nf6 5. Bg2 c6 6. d4 Bg4 7. f3 Bh5 8. Nge2 e6 9. O-O Qc7 10. Nf4 Bg6 11. Be3 Nbd7 12. Ne4 O-O-O 13. Qe2 Kb8 14. c4 Bxe4 15. fxe4 e5 16. dxe5 Nxe5 17. b4 Bxb4 18. Rab1 Bc3 19. Rb3 Bd4 20. Rfb1 b6 21. a4 Bxe3+ 22. Qxe3 Nxc4 23. Qc3 Nd2 24. a5 Nxb1 25.
Rxb1 Nd7 26. axb6 Nxb6 27. Kh1 f6 28. Nd3 Qd6 29. Nc5 Rhe8 30. Na6+ Kb7 31. Qa5 Re5 32.
Qa2 Qd2 33. Qa3 Qd3 34. Nc5+ Rxc5 35. Qxc5 Qxb1+ 0-1

[Event "*** Titled Tuesday Blitz"]
[Site "Chess.com"]
[Date "2020.10.20"]
[Round "9"]
[White "Grineva_Marianna"]
[Black "orestn"]
[Result "0-1"]
[WhiteElo "2267"]
[BlackElo "2438"]
[TimeControl "180+1"]
[EndTime "11:47:49 PDT"]
[Termination "orestn won on time"]

1. e4 e5 2. Nf3 d6 3. d4 Nf6 4.
Nc3 Nbd7 5. g4 h6 6. Rg1 Be7 7.
h4 g6 8. Bc4 c6 9. Bb3 exd4 10.
Qxd4 Nc5 11. g5 hxg5 12. hxg5 Nxb3 13. axb3 c5 14. Qc4 Ng4 15. Nd5 Nh2 16. Nxh2 Rxh2 17. Bf4 Rh4 18. O-O-O Be6 19. Be3 a6 20. f4 Qa5 21. c3 Bxd5 22. Qxd5 O-O-O 23. Qxf7 Bf8 24. Qxg6 Qa1+ 25. Kc2 Rh2+ 26. Bd2 Qa5 27. Qf5+ Kb8 28. Rh1 Rf2 29. Rh8 Be7 30. Rxd8+ Bxd8 31. g6 Rg2 32. Qe6 Qc7 33. f5 d5 34. Qxd5 Bg5 35. Kc1 Bf6 0-1

[Event "*** Titled Tuesday Blitz"]
[Site "Chess.com"]
[Date "2020.10.20"]
[Round "9"]
[White "kidagent"]
[Black "enriquetejedor"]
[Result "0-1"]
[WhiteElo "2296"]
[BlackElo "2461"]
[TimeControl "180+1"]
[EndTime "11:47:49 PDT"]
[Termination "enriquetejedor won by resignation"]

1. e4 Nf6 2. Nc3 d6 3. d4 g6 4.
Nf3 Bg4 5. Be2 Bg7 6. h3 Bxf3 7. Bxf3 c6 8. Bg5 O-O 9. Qd2 Nbd7 10. O-O-O a5 11. h4 a4 12. h5 a3 13. b3 Qa5 14.
hxg6 fxg6 15. Bh6 e5 16. Bxg7 Kxg7 17. Qh6+ Kg8 18. Ne2 Rf7 19. Rd3 Re8 20. g4 exd4 21. Rxd4 Ne5 22. Bg2 Nfxg4 23. Qd2 Qxd2+ 24. Kxd2 Rxf2 25. Bh3 Nf3+ 26. Kc3 Rxe2 27. Rxd6 R2xe4 28. Rd7 h5 29. Rhd1 Nfe5 30. Rxb7 Re3+ 31. Kd4 Rd8+ 32. Kc5 Rxd1 33. Bxg4 Nxg4 34. Kxc6 Rc3+ 35. Kb5 Rd5+ 36. Kb4 Rxc2 37. Kxa3 Rc6 38. Ra7 Rdd6 39. Rb7 Ra6+ 40. Kb2 Rdb6 41. Rc7 Rc6 42. Rd7 Rd6 43. Rc7 h4 44. a4 h3 45. Ka3 h2 46. Rc1 Rf6 47. Rh1 Rf5 48. b4 Rh5 49. b5 Rf6 50. Kb4 Nf2 51.
Rc1 h1=Q 52. Rc8+ Rf8 53. Ka5 Rxc8 0-1

[Event "*** Titled Tuesday Blitz"]
[Site "Chess.com"]
[Date "2020.10.20"]
[Round "9"]
[White "Jungle_Jaguar"]
[Black "medalja"]
[Result "0-1"]
[WhiteElo "2582"]
[BlackElo "2447"]
[TimeControl "180+1"]
[EndTime "11:47:50 PDT"]
[Termination "medalja won on time"]

1. e4 c6 2. d4 d5 3. e5 c5 4. dxc5 e6 5. a3 Nc6 6. Nf3 Bxc5 7. b4 Bb6 8. Bd3 Nge7 9. O-O Ng6 10. Bb2 O-O 11.
Nbd2 f6 12. exf6 gxf6 13. Bxg6 hxg6 14. c4 e5 15. Qb3 Be6 16. Rad1 d4 17. Rfe1 Qd7 18.
Qd3 Bf5 19. Ne4 Kg7 20. Bc1 Rac8 21. Qd2 Rh8 22. a4 Bd8 23. Nc5 Qf7 24. a5 Qxc4 25. Nxb7 Qxb4 26. Qxb4 Nxb4 27. Nd6 Rc2 28. Bd2 Nd5 29. Rb1 Be7 30. Rb7 Rc7 31. Nxf5+ gxf5 32. Reb1 Rhc8 33. g3 Kf7 34. Nh4 Ke6 35. a6 Bc5 36. Ng6 Bb6 37. Kg2 Rxb7 38. axb7 Rb8 39. Rc1 Rxb7 40.
Rc6+ Kf7 41. Nh4 Ne7 42. Rd6 Bc5 43. Ra6 Rb2 44. Bc1 Rc2 45. Ba3 d3 46. Bxc5 Rxc5 47.
Kf1 Rc1+ 0-1

[Event "*** Titled Tuesday Blitz"]
[Site "Chess.com"]
[Date "2020.10.20"]
[Round "9"]
[White "Walter_White_Poland"]
[Black "SCIM"]
[Result "0-1"]
[WhiteElo "2299"]
[BlackElo "2467"]
[TimeControl "180+1"]
[EndTime "11:47:53 PDT"]
[Termination "SCIM won on time"]

1. e4 c5 2. Nf3 e6 3. d4 cxd4 4. Nxd4 Nc6 5. Nc3 Qc7 6. a3 a6 7. Be3 Nf6 8. f4 d6 9. Qf3 Nxd4 10. Bxd4 e5 11. Be3 Bg4 12. Qg3 Be7 13. h3 exf4 14. Bxf4 Be6 15. Qf3 O-O 16. O-O-O Rac8 17. Bd3 Nd7 18.
Nd5 Bxd5 19. exd5 Ne5 20. Bxe5 dxe5 21. Rhf1 Bd6 22. g4 g6 23. h4 Qe7 24. h5 Qg5+ 25.
Kb1 Rc7 26. hxg6 hxg6 27. Rh1 Kg7 28. Rdf1 Rh8 29. Rxh8 Kxh8 30. Rh1+ Kg8 31. Qh3 Kf8 32. Qh8+ Ke7 33. Rf1 e4 34. Bxe4 Be5 35. Qg8 Kd6 36. Rxf7 Rxf7 37. Qxf7 Qxg4 0-1

[Event "*** Titled Tuesday Blitz"]
[Site "Chess.com"]
[Date "2020.10.20"]
[Round "9"]
[White "PriSachu"]
[Black "chessknight02"]
[Result "0-1"]
[WhiteElo "2430"]
[BlackElo "2337"]
[TimeControl "180+1"]
[EndTime "11:47:54 PDT"]
[Termination "chessknight02 won by checkmate"]

1. e4 e5 2. Nf3 Nc6 3. Bb5 a6 4. Ba4 Nf6 5. O-O b5 6. Bb3 d6 7.
Ng5 d5 8. exd5 Nd4 9. Re1 Bd6 10. Nc3 O-O 11. d3 Bg4 12. f3 Bc8 13. Nge4 h6 14.
Be3 Nxb3 15. axb3 Bb7 16. Nxf6+ Qxf6 17. Ne4 Qe7 18. c4 f5 19. Nxd6 Qxd6 20. d4 e4 21. f4 Kh7 22. Qd2 Rg8 23. Rac1 b4 24. c5 Qxd5 25. c6 Bxc6 26. Rc5 Qd7 27. d5 Bb5 28.
Rec1 Rac8 29. Qxb4 g5 30. Qa5 Rg7 31. Bd4 Rf7 32.
fxg5 hxg5 33. Qc3 f4 34. Be5 f3 35. gxf3 exf3 36. Qd4 f2+ 37. Kg2 f1=Q+ 38. Rxf1 Bxf1+ 39. Kg1 Qh3 40. Qe4+ Qf5 41. Qd4 Bh3 42. Rc1 Qf1+ 43. Rxf1 Rxf1# 0-1

[Event "*** Titled Tuesday Blitz"]
[Site "Chess.com"]
[Date "2020.10.20"]
[Round "9"]
[White "Me_ch_an"]
[Black "xberli"]
[Result "1-0"]
[WhiteElo "2398"]
[BlackElo "2551"]
[TimeControl "180+1"]
[EndTime "11:47:55 PDT"]
[Termination "Me_ch_an won by resignation"]

1. e4 c5 2. Nc3 Nc6 3. g3 g6 4. d3 Bg7 5. Be3 d6 6. Bg2 e6 7. Qd2 Nge7 8. Bh6 Bxh6 9. Qxh6 Nd4 10. Qd2 Rb8 11. Nd1 b5 12. c3 Ndc6 13. Ne2 b4 14. O-O O-O 15. Ne3 f5 16. f4 d5 17.
exd5 Nxd5 18. Nxd5 exd5 19. d4 c4 20. Kh1 Be6 21. Ng1 Ne7 22. Rfe1 Bf7 23. Nf3 Nc8 24. Ne5 bxc3 25. bxc3 Rb6 26. Rab1 Kg7 27. Rxb6 axb6 28. Qb2 Bg8 29. Rb1 Qc7 30. Qb5 Nd6 31. Qxb6 Qxb6 32. Rxb6 Ne4 33. Bxe4 dxe4 34. Rb7+ Kh8 35. a4 Ra8 36. Rb4 Rc8 37. Kg2 Kg7 38. Kf2 Kf6 39. Ke3 Ke6 40. Rxc4 Rb8 41. Rb4 Ra8 42. c4 Kd6 43. d5 Rc8 44. Kd4 e3 45. c5+ Rxc5 46. Rb6+ Ke7 47. Kxc5 e2 48. Nf3 Bxd5 49. Kxd5 1-0

[Event "*** Titled Tuesday Blitz"]
[Site "Chess.com"]
[Date "2020.10.20"]
[Round "9"]
[White "Pavalamalli"]
[Black "IANOV0007"]
[Result "1-0"]
[WhiteElo "2304"]
[BlackElo "2459"]
[TimeControl "180+1"]
[EndTime "11:47:55 PDT"]
[Termination "Pavalamalli won on time"]

1. e4 d6 2. d4 Nf6 3. Nc3 c6 4.
f4 Qb6 5. Nf3 Bg4 6. Be2 Bxf3 7.
Bxf3 e5 8. fxe5 dxe5 9. dxe5 Nfd7 10. e6 fxe6 11. Qe2 Bc5 12. Qc4 O-O 13. Qxe6+ Kh8 14.
Bd2 Qxb2 15. Rb1 Qxc2 16. Rxb7 Bd4 17. Ne2 Bf2+ 18. Kxf2 Qxd2 19. Qe7 a5 20. e5 Rg8 21. e6 Nf6 22. Rhb1 Na6 23. Ra7 Rxa7 24. Qxa7 Nb4 25. Kg1 Qxa2 26. Rxb4 Qxe6 27. Rb8 h6 28. Rxg8+ Nxg8 29. Qxa5 Qe3+ 30. Kf1 c5 31. Qd8 Kh7 32. Qd5 Nf6 33. Qf5+ Kh8 34. Qc8+ Kh7 35. Qf5+ Kh8 36. Qf4 Qd3 37. Kf2 1-0

[Event "*** Titled Tuesday Blitz"]
[Site "Chess.com"]
[Date "2020.10.20"]
[Round "9"]
[White "frederiksvane"]
[Black "ikhasu"]
[Result "1-0"]
[WhiteElo "2647"]
[BlackElo "2415"]
[TimeControl "180+1"]
[EndTime "11:47:56 PDT"]
[Termination "frederiksvane won on time"]

1. e4 e5 2. Nf3 d6 3. d4 exd4 4.
Nxd4 Nf6 5. Nc3 Be7 6. g3 O-O 7. Bg2 c6 8. O-O Na6 9. h3 Nc5 10. g4 Ne6 11. Nf5 Nc7 12. g5 Nfe8 13. h4 g6 14.
Nh6+ Kh8 15. f4 d5 16. Qd4+ Ng7 17. exd5 cxd5 18. f5 gxf5 19. Nxf5 Bxf5 20. Rxf5 Ne6 21. Qe5 f6 22. Qxd5 Nxf5 23. Qxf5 Qb6+ 24. Kh1 fxg5 25. Qg4 gxh4 26. Nd5 Qd6 27. Bd2 Rac8 28. Bb4 Qg3 29. Qxg3 hxg3 30. Bxe7 Rf2 31. Bf6+ Kg8 32. Ne7+ Kf7 33.
Nxc8 Nf4 34. Rf1 1-0

[Event "*** Titled Tuesday Blitz"]
[Site "Chess.com"]
[Date "2020.10.20"]
[Round "9"]
[White "Sibelephant"]
[Black "Msb2"]
[Result "1-0"]
[WhiteElo "3110"]
[BlackElo "2932"]
[TimeControl "180+1"]
[EndTime "11:47:57 PDT"]
[Termination "Sibelephant won by checkmate"]

1. c4 e5 2. Nc3 Bb4 3. Qc2 c5 4. g3 Ne7 5. Bg2 O-O 6. e3 Nbc6 7. Nge2 d6 8. O-O f5 9. d3 Kh8 10. a3 Ba5 11. Rb1 Be6 12. Nd5 Rc8 13. Qa4 Bd7 14.
Nxe7 Nxe7 15. Qd1 b5 16. Bd2 Bb6 17. Nc3 bxc4 18. dxc4 e4 19. f3 exf3 20. Bxf3 Ng6 21. Nd5 Ne5 22. b3 Be6 23. Bg2 Ba5 24. Nf4 Bf7 25. h3 Bxd2 26. Qxd2 Qe7 27. Rbd1 Rfd8 28. Qc2 g6 29. e4 fxe4 30. Bxe4 Rf8 31. Qc3 Kg8 32.
Rde1 Rce8 33. Kg2 g5 34. Nd3 Kh8 35. Bc6 Bg6 36. Nxe5 dxe5 37. Bxe8 Rxe8 38. Kh2 Kg8 39. Qe3 e4 40. Rd1 Rf8 41. Rxf8+ Qxf8 42. Kg2 h6 43. Rd5 Qf6 44. Qf2 Qc3 45. Rd8+ Kg7 46. Qf8+ Kh7 47.
Qg8# 1-0

[Event "*** Titled Tuesday Blitz"]
[Site "Chess.com"]
[Date "2020.10.20"]
[Round "9"]
[White "Zhigalko_Sergei"]
[Black "Harsha_Bharathakoti"]
[Result "0-1"]
[WhiteElo "2919"]
[BlackElo "2796"]
[TimeControl "180+1"]
[EndTime "11:47:57 PDT"]
[Termination "Harsha_Bharathakoti won by checkmate"]

1. e4 c5 2. Nf3 d6 3. d4 cxd4 4.
Qxd4 Nc6 5. Bb5 Bd7 6. Bxc6 Bxc6 7. Nc3 Nf6 8. Bg5 e6 9. O-O-O Be7 10. Rhe1 O-O 11.
Kb1 h6 12. Bh4 b5 13. Bxf6 Bxf6 14. Qxd6 Qb6 15. Ne5 Bxe5 16. Qxe5 b4 17. Ne2 Qxf2 18. Nf4 Rfd8 19. Nxe6 Rxd1+ 20. Rxd1 Qxg2 21. Nc7 Bxe4 22. Rc1 Rd8 23. b3 Rd2 24. Qc5 Qxh2 25. Nb5 a5 26.
Nd4 Qf2 27. Qc8+ Kh7 28. Nb5 f5 29. Qc4 Qe2 30. Qc5 f4 31. Nd6 Bg6 32. Nc8 f3 33. Ne7 Bxc2+ 34. Ka1 Be4 35. Rc2 Rxc2 36. Qf5+ Bxf5 37.
Nd5 Rxa2# 0-1

[Event "*** Titled Tuesday Blitz"]
[Site "Chess.com"]
[Date "2020.10.20"]
[Round "9"]
[White "K_A_S_T_O_R"]
[Black "Fy_Rakotomaharo"]
[Result "1-0"]
[WhiteElo "2824"]
[BlackElo "2647"]
[TimeControl "180+1"]
[EndTime "11:47:57 PDT"]
[Termination "K_A_S_T_O_R won by checkmate"]

1. e4 c5 2. Nf3 e6 3. d4 cxd4 4. Nxd4 Nf6 5. Nc3 Nc6 6. Ndb5 Bb4 7. a3 Bxc3+ 8. Nxc3 d5 9. exd5 Nxd5 10. Nxd5 exd5 11. Bd3 O-O 12. O-O Qh4 13. Re1 Be6 14. Qe2 Rac8 15.
Bd2 Rfe8 16. Bc3 d4 17. Bd2 Bd7 18. Qf3 Ne5 19. Qe4 Qxe4 20. Bxe4 Bc6 21. Bf5 Rcd8 22.
Bf4 Nc4 23. Rxe8+ Rxe8 24. b3 Nxa3 25. h4 Nb5 26. Bd3 a6 27. Ra4 Rd8 28. Rc4 f6 29. Rc5 g6 30. h5 Kf7 31. Bc4+ Ke7 32. hxg6 hxg6 33. Bd3 g5 34. Bg3 Nd6 35. f3 Nb5 36. f4 gxf4 37. Bxf4 Nc3 38. Rh5 Rg8 39. Rh7+ Ke6 40. g3 Be4 41. Bc4+ Bd5 42. Rxb7 Bxc4 43. bxc4 Ne2+ 44. Kf2 Nxf4 45. gxf4 Rc8 46. Rb4 Kf5 47. Kf3 Re8 48. Rb3 Re1 49. Ra3 Rf1+ 50. Ke2 Rxf4 51.
Ra5+ Ke4 52. Rxa6 f5 53. Re6# 1-0

[Event "*** Titled Tuesday Blitz"]
[Site "Chess.com"]
[Date "2020.10.20"]
[Round "9"]
[White "shaheus"]
[Black "Ariadna_Atreides"]
[Result "0-1"]
[WhiteElo "2170"]
[BlackElo "2075"]
[TimeControl "180+1"]
[EndTime "11:47:58 PDT"]
[Termination "Ariadna_Atreides won on time"]

1. e4 c5 2. Nf3 d6 3. c3 Nf6 4.
Qb3 Nc6 5. d4 Nxe4 6. d5 Bf5 7.
dxc6 bxc6 8. Nbd2 Nxd2 9. Bxd2 e5 10. Qa4 Qd7 11. g3 Be7 12. Bg2 O-O 13. O-O Rab8 14. b3 Bd3 15. Rfe1 e4 16. Rxe4 Bxe4 17. Qxe4 d5 18.
Qd3 Bd6 19. Re1 h6 20. Ne5 Qc7 21. f4 Rfe8 22. c4 Bxe5 23. fxe5 Rxe5 24. Rxe5 Qxe5 25. cxd5 cxd5 26. Bxd5 Qa1+ 27. Kg2 Qxa2 28. Kh3 Qb2 29. Bc3 Qf2 30. Qg6 Qf1+ 31. Kh4 Rb4+ 32. Bxb4 cxb4 33. Qe4 Qf6+ 34. Kh3 Qc3 35. Qe8+ Kh7 36. Qxf7 Qc2 0-1

[Event "*** Titled Tuesday Blitz"]
[Site "Chess.com"]
[Date "2020.10.20"]
[Round "9"]
[White "geordie_derraugh"]
[Black "elcandado"]
[Result "1/2-1/2"]
[WhiteElo "2401"]
[BlackElo "2579"]
[TimeControl "180+1"]
[EndTime "11:48:00 PDT"]
[Termination "Game drawn by repetition"]

1. e4 e5 2. Nf3 Nc6 3. d4 exd4 4. Bc4 Bc5 5. c3 Nf6 6. cxd4 Bb4+ 7. Bd2 Bxd2+ 8. Nbxd2 d5 9. exd5 Nxd5 10. Qb3 Nce7 11.
O-O c6 12. Rfe1 O-O 13. Ne5 Qb6 14. Ndf3 Qxb3 15. Bxb3 h6 16. Nc4 Be6 17. Nd6 Rab8 18. Rad1 Rfd8 19. Ne4 b6 20. Ne5 f6 21. Nc4 Bf7 22.
g3 Rd7 23. Ncd6 Bg6 24. Nc4 Rbd8 25. Rc1 Kf8 26. f3 Nb4 27. Re3 Rxd4 28. Rce1 Bxe4 29. fxe4 Ng6 30. e5 Nd3 31. Rf1 Rxc4 32. Bxc4 Ndxe5 33. Bb3 c5 34. Bc2 Rd2 35. Rc3 a5 36. Rd1 Re2 37.
a3 Ke7 38. b4 axb4 39. axb4 Nf8 40. bxc5 bxc5 41. Rxc5 Ne6 42. Rc3 Ng5 43. Rf1 Nh3+ 44. Kh1 Nf2+ 45. Kg1 Nh3+ 46. Kh1 Nf2+ 47. Kg1 Nh3+ 1/2-1/2

[Event "*** Titled Tuesday Blitz"]
[Site "Chess.com"]
[Date "2020.10.20"]
[Round "9"]
[White "Fusikk"]
[Black "Belka1989"]
[Result "0-1"]
[WhiteElo "2523"]
[BlackElo "2333"]
[TimeControl "180+1"]
[EndTime "11:48:00 PDT"]
[Termination "Belka1989 won on time"]

1. e4 c5 2. Nc3 Nc6 3. f4 e6 4.
Bb5 Nge7 5. Nf3 a6 6. Bxc6 Nxc6 7. O-O d6 8. d3 Be7 9. a4 O-O 10.
Qe1 d5 11. e5 Nb4 12. Qe2 Bd7 13. Nd1 d4 14. Nf2 Bc6 15. Ne1 b5 16. b3 bxa4 17.
bxa4 a5 18. Nd1 Rb8 19. Nb2 Nd5 20. Nd1 Qd7 21. Bd2 Nb4 22. Nb2 Nxc2 23. Nxc2 Rxb2 24. Na3 Bxa4 25. Nc4 Rbb8 26. Rfc1 Bb5 27. Rxa5 Bxc4 28. Rxc4 Ra8 29. Rxa8 Rxa8 30. h3 Ra2 31. Rc1 Qd5 32. Rb1 g6 33. Qd1 Kg7 34. Qc1 Bh4 35. Rb2 Bg3 36.
Rxa2 Qxa2 37. Qd1 c4 38. dxc4 Qxc4 39. Qf3 Bh4 40. Kh2 Be7 41. Qe4 Bc5 0-1

[Event "*** Titled Tuesday Blitz"]
[Site "Chess.com"]
[Date "2020.10.20"]
[Round "9"]
[White "teacher4chess"]
[Black "ambaixador"]
[Result "0-1"]
[WhiteElo "2059"]
[BlackElo "2308"]
[TimeControl "180+1"]
[EndTime "11:48:00 PDT"]
[Termination "ambaixador won on time"]

1. d4 d5 2. c4 e6 3. Nf3 Nf6 4. Nc3 Be7 5. Bf4 O-O 6. e3 c5 7.
cxd5 exd5 8. dxc5 Bxc5 9. Bd3 Nc6 10. O-O a6 11. Rc1 Ba7 12. a3 Re8 13. Bg5 Bg4 14. h3 Be6 15. Qc2 h6 16. Bh4 Rc8 17. Rfd1 Bb8 18.
Qb1 Qe7 19. Nd4 Ne5 20. Nxe6 fxe6 21. Bh7+ Kh8 22. Bc2 Rf8 23. Ne2 Qf7 24. Nf4 g5 25.
Ng6+ Nxg6 26. Bxg6 Qg7 27. Bg3 Bxg3 28. fxg3 Nd7 29.
Bd3 Qe5 30. Rxc8 Rxc8 31. Re1 Qxg3 32. Bf1 Ne5 33. Kh1 Kg7 34. e4 d4 35. Rd1 Qe3 36.
Qa2 Rc6 37. Qb1 g4 38. Bd3 g3 0-1

[Event "*** Titled Tuesday Blitz"]
[Site "Chess.com"]
[Date "2020.10.20"]
[Round "9"]
[White "WuinaterJr"]
[Black "tdf98pantani"]
[Result "0-1"]
[WhiteElo "2536"]
[BlackElo "2727"]
[TimeControl "180+1"]
[EndTime "11:48:02 PDT"]
[Termination "tdf98pantani won by resignation"]

1. d4 Nf6 2. c4 g6 3. Nf3 Bg7 4. g3 O-O 5. Bg2 c6 6. O-O d5 7. Nc3 dxc4 8. Ne5 Ng4 9. Bf4 Nxe5 10. dxe5 Qxd1 11. Rfxd1 Be6 12. Ne4 Nd7 13. Ng5 Nxe5 14. Nxe6 fxe6 15. Rac1 Rad8 16. h3 b5 17. Bxe5 Bxe5 18.
Bxc6 Bxb2 19. Rxd8 Rxd8 20. Rc2 c3 21. Bxb5 Kf7 22. f4 Kf6 23. Kf2 e5 24. e4 Rd1 25.
Ba4 Rh1 26. Kg2 Ra1 27. Bb3 a5 28. Rf2 a4 29. Bxa4 Rxa2 30. Bb3 Ra3 31. Bc2 Bc1 32. f5 Be3 33. Re2 Bd2 34. fxg6 hxg6 35. g4 Ra2 36. Bd3 c2 37. Rxd2 c1=Q 38. Rxa2 Qe3 39. Rf2+ Kg5 40. Rf3 Qd2+ 41. Kg3 Qe1+ 42. Kg2 Kh4 43. Rf2 Qe3 44. Rf3 Qd2+ 45. Kg1 Qe1+ 46. Kg2 Qd1 47.
Bf1 Qd2+ 48. Rf2 Qe3 49. Re2 Qg3+ 50. Kh1 Qf3+ 51. Kg1 e6 52. Rf2 Qe3 53. Bg2 Kg3 0-1

[Event "*** Titled Tuesday Blitz"]
[Site "Chess.com"]
[Date "2020.10.20"]
[Round "9"]
[White "Kazmin_Dmitrij"]
[Black "tteshan"]
[Result "1-0"]
[WhiteElo "2276"]
[BlackElo "2369"]
[TimeControl "180+1"]
[EndTime "11:48:02 PDT"]
[Termination "Kazmin_Dmitrij won by resignation"]

1. e4 c5 2. c3 d5 3. exd5 Qxd5 4. d4 Nf6 5. Nf3 e6 6. Be3 cxd4 7. cxd4 Bd7 8. Nc3 Bb4 9. Be2 Bb5 10. O-O Bxc3 11.
bxc3 O-O 12. Rb1 Bxe2 13. Qxe2 Rd8 14. c4 Qc6 15. Ne5 Qa6 16. Qf3 Nbd7 17. Rxb7 Rac8 18.
Bg5 h6 19. Bxf6 Nxf6 20. Rxf7 Rxd4 21. Rxf6 gxf6 22. Qxf6 Qb7 23. Qg6+ Kf8 24. Qxh6+ Qg7 25. Qxe6 Rc6 26. Nxc6 Rg4 27. Qc8+ Kf7 28. Qd7+ Kf6 29. Qxg7+ Rxg7 30. Nd4 Rc7 31. Rc1 Rc5 32. Kf1 Ke5 33. Nf3+ Ke4 34. Ke2 Ra5 35. Rc2 Rh5 36. h4 Rc5 37. g3 Ra5 38. Ng5+ Kf5 39. Nf3 Ke4 40. Nd2+ Kd4 41. Nb3+ Ke4 42. Nxa5 a6 43.
c5 Kd4 44. c6 Ke4 45. c7 1-0